 Dungeon Crawl Stone Soup version 0.22-a0-280-g69bf1f3 (webtiles) character file.

90 GizzardofKazz the Cudgeler (level 4, 0/35 HPs)
             Began as a Formicid Fighter on Mar 16, 2018.
             Killed by divine providence
             ... invoked by an orc priest
              (7 damage)
             ... on level 3 of the Dungeon.
             The game lasted 00:04:45 (2031 turns).

GizzardofKazz the Cudgeler (Formicid Fighter)       Turns: 2031, Time: 00:04:45

Health: 0/35       AC: 11    Str: 22    XL:     4   Next: 85%
Magic:  4/4        EV:  9    Int:  7    God:
Gold:   106        SH:  4    Dex: 10    Spells: 3/3 levels left

rFire    . . .     SeeInvis +   z - +0 whip
rCold    . . .     Gourm    .   s - +0 buckler
rNeg     . . .     Faith    .   b - +0 scale mail
rPois    .         Spirit   .   (helmet unavailable)
rElec    .         Reflect  .   (no cloak)
rCorr    .         Harm     .   j - +2 pair of gloves
MR       .....                  k - +0 pair of boots
Stlth    ..........             (no amulet)
HPRegen  0.11/turn              (no ring)
MPRegen  0.09/turn              (no ring)

@: no status effects
A: permanent stasis, dig shafts and tunnels, four strong arms, antennae 3
a: Dig, Shaft Self


You were on level 3 of the Dungeon.
You were not hungry.

You visited 1 branch of the dungeon, and saw 3 of its levels.

You collected 106 gold pieces.

Inventory:

Hand Weapons
 a - a +0 flail
 t - a +0 morningstar
 z - a +0 whip (weapon)
Armour
 b - a +0 scale mail (worn)
 c - a +0 shield
 j - a +2 pair of gloves (worn)
 k - a +0 pair of boots (worn)
 s - a +0 buckler (worn)
Wands
 x - a wand of disintegration (12)
 y - a wand of scattershot (4)
Scrolls
 e - 3 scrolls of identify {unknown}
 i - 2 scrolls of teleportation {unknown}
 l - a scroll of random uselessness {unknown}
 q - a scroll of fog {unknown}
 u - 2 scrolls of immolation {unknown}
 w - a scroll of remove curse {unknown}
Potions
 d - a potion of might
 g - a potion of heal wounds {unknown}
 h - 2 potions of ambrosia {unknown}
 m - a potion of curing {unknown}
 n - a potion of cancellation {unknown}
 o - a potion of mutation {unknown}
 p - a potion of flight {unknown}
 r - a potion of degeneration {unknown}
 v - a potion of magic {unknown}
Comestibles
 f - 5 rations


   Skills:
 - Level 3.2 Fighting
 + Level 4.6 Maces & Flails
 - Level 3.2 Armour
 - Level 3.6 Shields


You had 3 spell levels left.
You didn't know any spells.

Dungeon Overview and Level Annotations

Branches:
Dungeon (3/15)

Altars:


Innate Abilities, Weirdness & Mutations

You cannot be hasted, slowed, berserked, paralysed or teleported.
You can dig through walls and to a lower floor.
Your four strong arms can wield two-handed weapons with a shield.
You have a pair of large antennae on your head. (SInv)


Message History

A leopard gecko comes into view.
The leopard gecko hisses angrily.
The orc hits you.
Found an escape hatch in the ceiling.
Found a stone staircase leading down.
You closely miss the orc. You closely miss the orc. The orc closely misses you.
The orc barely misses you. The orc hits you with a war axe. The orc hits you.
The orc priest calls down the wrath of Beogh upon you.
Beogh smites you!
The orc priest mumbles some strange prayers to Beogh against you.
Beogh smites you!
* * * LOW HITPOINT WARNING * * *
You hit the orc.
The orc is heavily wounded.
The orc hits you.
* * * LOW HITPOINT WARNING * * *
The orc priest calls down the wrath of Beogh upon you.
Beogh smites you!
You die...

#......><# #
#####....?.># #.#.
........
##.#.###.#ol#
..........oo#
......#o#o##
#.......#
##.......# #
##......#@#
#.#.....###.#
#.#.....###.#
#...........#
###...####### #...#
#######...#######
#....)..........##
..................#


You could see an orc priest, 4 orcs and a leopard gecko.

Vanquished Creatures
  An iguana (D:2)
  An adder (D:2)
  2 oozes (D:1)
  A worm (D:2)
  2 dart slugs
  A ball python (D:2)
  4 giant cockroaches
  4 goblins
  6 hobgoblins
  2 jackals (D:2)
  2 bats
  A frilled lizard (D:2)
  6 kobolds
  8 rats
41 creatures vanquished.

Notes
Turn   | Place    | Note
-------+----------+-------------------------------------------
     0 | D:1      | GizzardofKazz the Formicid Fighter began the quest for the Orb.
     0 | D:1      | Reached XP level 1. HP: 18/18 MP: 1/1
   270 | D:1      | Reached XP level 2. HP: 19/24 MP: 2/2
   475 | D:1      | Reached skill level 3 in Maces & Flails
   681 | D:1      | Reached XP level 3. HP: 20/29 MP: 3/3
  1135 | D:2      | Reached skill level 4 in Maces & Flails
  1135 | D:2      | Reached XP level 4. HP: 24/35 MP: 4/4
  2031 | D:3      | Killed from afar by an orc priest

Vault maps used:
D:1:      minmay_arrival_stone_box
D:3:      old_standard_altar, okawaru_gym_becter, first_ration

Skill      XL: |  1  2  3 |
---------------+----------+-----
Maces & Flails | 3 4 |  4.6
Fighting       | |  3.2
Armour         | |  3.2
Shields        | |  3.6

Action                   |  1- 3 |  4- 6 || total
-------------------------+-------+-------++-------
Melee: Flail             |    94 |    34 ||   128
       Whip              |       |    33 ||    33
  Eat: Chunk             |     1 |     3 ||     4
Armor: Scale mail        |    49 |    28 ||    77
Dodge: Dodged            |    31 |    22 ||    53
Block: Shield            |    36 |       ||    36
       Buckler           |     4 |    11 ||    15

Table legend:
 A = Spawn XP
 B = Non-spawn XP
 C = Spawn XP percentage of total XP
 D = Spawn monster count
 E = Non-spawn monster count
 F = Spawn count percentage of total count
 G = Total turns spent on level
                    A         B        C        D         E        F      G
               +---------+---------+-------+---------+---------+-------+---------
         Total |       0 |     129 |   0.0 |       0 |      41 |   0.0 |  2031
               +---------+---------+-------+---------+---------+-------+---------
           D:1 |       0 |      34 |   0.0 |       0 |      14 |   0.0 |   885
           D:2 |       0 |      93 |   0.0 |       0 |      26 |   0.0 |  1096
           D:3 |       0 |       2 |   0.0 |       0 |       1 |   0.0 |    50
               +---------+---------+-------+---------+---------+-------+---------
